 Dungeon Crawl Stone Soup version 0.26-a0-971-g1d9d62bb61 (webtiles) character file.

Game seed: 4446958616573305891

29437 ThatOtherGuy53 the Severer (level 13, -3/118 HPs)
             Began as a Hill Orc Monk on Dec 4, 2020.
             Was a High Priest of Beogh.
             Slain by a death yak (18 damage)
             ... on level 5 of the Lair of Beasts on Dec 5, 2020.
             The game lasted 00:53:42 (22335 turns).

ThatOtherGuy53 the Severer (Hill Orc Monk)         Turns: 22335, Time: 00:53:42

Health: -3/118     AC: 23    Str: 19    XL:     13   Next: 45%
Magic:  9/21       EV:  6    Int: 10    God:    Beogh [*****.]
Gold:   2193       SH: 14    Dex: 13    Spells: 12/12 levels left

rFire    + + .     SeeInvis .   a - +1 broad axe
rCold    + . .     Faith    .   E - +2 kite shield
rNeg     + . .     Spirit   .   B - +0 plate armour {rF+}
rPois    +         Reflect  .   i - +1 helmet
rElec    .         Harm     .   G - +0 cloak
rCorr    .         Rampage  .   F - +2 pair of gloves of Kifaq {rPois rF+ MR+++ Stlth+}
MR       +++..                  P - +0 pair of boots
Stlth    ..........             D - amulet of the acrobat
HPRegen  0.29/turn              o - ring of protection from cold
MPRegen  0.17/turn              p - ring of positive energy

@: studying Axes
A: walk on water
a: Smiting, Recall Orcish Followers, Give Item to Named Follower, Renounce
Religion


You were on level 5 of the Lair of Beasts.
You worshipped Beogh.
Beogh was extremely pleased with you.
You visited 4 branches of the dungeon, and saw 19 of its levels.
You also visited: Ossuary and Volcano.

You collected 2497 gold pieces.
You spent 304 gold pieces at shops.

Inventory:

Hand Weapons
 a - a +1 broad axe (weapon)
   (You found it on level 5 of the Lair of Beasts)
 b - a +1 trident of venom
   (You took it off an orc priest on level 11 of the Dungeon)
 v - a +0 halberd
   (You took it off an orc warrior on level 7 of the Dungeon)
 A - a +2 trident of flaming
   (You took it off a red devil in a volcano)
 M - the +10 spear of Mashracocw {drain, Int+5}
   (You found it on level 5 of the Lair of Beasts)

   A truly terrible weapon, it drains the life of those it strikes.
   It affects your intelligence (+5).
Missiles
 j - 82 poisoned darts (quivered)
 O - a throwing net {!f}
Armour
 i - a +1 helmet (worn)
   (You took it off Robin on level 4 of the Dungeon)
 B - a +0 plate armour of fire resistance (worn)
   (You took it off an orc warrior on level 8 of the Dungeon)
 E - a +2 kite shield (worn)
   (You found it on level 8 of the Dungeon)
 F - the +2 pair of gloves of Kifaq (worn) {rPois rF+ MR+++ Stlth+}
   (You bought it in a shop on level 8 of the Dungeon)

   It protects you from fire.
   It protects you from poison.
   It affects your resistance to hostile enchantments.
   It makes you more stealthy.
 G - a +0 cloak (worn)
   (You found it on level 6 of the Dungeon)
 P - a +0 pair of boots (worn)
   (You found it on level 1 of the Dungeon)
Jewellery
 h - an uncursed ring of protection from cold
   (You found it on level 10 of the Dungeon)
 o - a ring of protection from cold (left hand)
   (You found it on level 8 of the Dungeon)
 p - a ring of positive energy (right hand)
   (You took it off a kobold on level 2 of the Dungeon)
 z - an uncursed ring of see invisible
   (You found it on level 6 of the Dungeon)
 D - an amulet of the acrobat (around neck)
   (You found it on level 4 of the Dungeon)
Wands
 d - a wand of iceblast (4)
   (You found it on level 5 of the Lair of Beasts)
 t - a wand of flame (9)
   (You found it on level 1 of the Lair of Beasts)
 x - a wand of acid (8)
   (You found it on level 5 of the Lair of Beasts)
Scrolls
 g - 9 scrolls of remove curse {@r2}
 n - 3 scrolls of fear
 q - 2 scrolls of fog
 u - 5 scrolls of teleportation {@r4}
 y - 3 scrolls of identify {@r1}
 H - 3 scrolls of magic mapping
 I - a scroll of enchant weapon
 K - a scroll of enchant armour
Potions
 c - 5 potions of attraction {!q}
 e - 2 potions of flight
 f - 5 potions of invisibility
 k - 3 potions of resistance
 l - 9 potions of curing {@q1}
 m - 4 potions of lignification {!q}
 r - 4 potions of mutation {!q}
 s - 5 potions of cancellation
 w - a potion of magic
 C - 7 potions of haste {@q3}
 J - a potion of might
 L - 2 potions of heal wounds {@q2}
Books
 N - a manual of Axes {!d}
   (You acquired it on level 5 of the Lair of Beasts)


   Skills:
 + Level 12.2 Fighting
 + Level 15.5 Axes
 + Level 10.8 Armour
 - Level 2.4 Dodging
 - Level 1.5 Stealth
 + Level 10.7 Shields
 + Level 11.1 Invocations


You had 12 spell levels left.
You didn't know any spells.
Your spell library contained the following spells:

 Spells                   Type           Power        Failure   Level
 Animate Skeleton         Necr           #.....       100%        1
 Apportation              Tloc           #.....       100%        1
 Corona                   Hex            #......      100%        1
 Magic Dart               Conj           #...         100%        1
 Summon Small Mammal      Summ           #...         100%        1
 Searing Ray              Conj           #.....       100%        2
 Slow                     Hex            #.......     100%        2
 Confusing Touch          Hex            #.......     100%        3
 Dazzling Flash           Conj/Hex       #.....       100%        3
 Gell's Gravitas          Tloc           #.........   100%        3
 Inner Flame              Hex/Fire       #.......     100%        3
 Portal Projectile        Hex/Tloc       #.....       100%        3
 Cause Fear               Hex            #.........   100%        4
 Fulminant Prism          Conj/Hex       #.........   100%        4
 Iskenderun's Mystic Bla  Conj/Tloc      #.......     100%        4
 Leda's Liquefaction      Hex/Erth       #.........   100%        4
 Petrify                  Tmut/Erth      #.......     100%        4
 Metabolic Englaciation   Hex/Ice        #.........   100%        5
 Yara's Violent Unravell  Hex/Tmut       #.........   100%        5


Dungeon Overview and Level Annotations

Branches:
Dungeon (11/15)            Temple (1/1) D:6            Lair (6/6) D:8
 Shoals (0/4) Lair:3        Snake (0/4) Lair:3          Orc (1/2) D:9
Ossuary (visited)         Volcano (visited)
  Slime: Lair:5-6

Altars:
Ashenzari
Cheibriados
Dithmenos
Elyvilon
Fedhas
Gozag
Hepliaklqana
Kikubaaqudgha
Makhleb
Nemelex Xobeh
Okawaru
Qazlal
Ru
Sif Muna
Trog
Uskayaw
Vehumet
Wu Jian
Xom
Yredelemnul
Zin
The Shining One

Shops:
D:8 [   D:9 :

Annotations:
D:3 Grinder
Lair:2 2 transporters, Zoobame's ghost, journeyman DEWz


Message History

Berold misses the blink frog.
The polar bear bites you but does no damage.
The polar bear claws you but does no damage.
You block the polar bear's attack. The blink frog hits you!
You hit the polar bear. You hit the blink frog. You barely miss the death yak.
You slash the blink frog! You hit the komodo dragon.
The blink frog barely misses you. You block the death yak's attack.
The komodo dragon bites you!
The blink frog blinks!
Berold closely misses the blink frog.
The blink frog hits you but does no damage.
You block the polar bear's attack.
The polar bear claws you but does no damage.
You block the polar bear's attack.
You hit the polar bear but do no damage.
You hit the komodo dragon but do no damage.
You slash the death yak! You closely miss the blink frog.
The blink frog closely misses Berold.
The death yak gores you!
* * * LOW HITPOINT WARNING * * *
You block the komodo dragon's attack.
The blink frog hits you but does no damage.
The blink frog hits Berold!
You block the polar bear's attack. x2
The polar bear claws you but does no damage.
Smite: a polar bear (heavily wounded)
You smite the polar bear!
You kill the polar bear!
Beogh accepts your kill. You block the blink frog's attack.
Berold misses the blink frog.
The blink frog hits Berold.
The blink frog blinks!
The death yak gores you!
* * * LOW HITPOINT WARNING * * *
You block the komodo dragon's attack.
Smite: a death yak (lightly wounded)
You smite the death yak!
You can no longer revive fallen orcs.
The blink frog hits you!
* * * LOW HITPOINT WARNING * * *
The death yak barely misses you. You block the komodo dragon's attack.
Berold unwields a +0 glaive.
Berold wields a +0 arbalest.
Berold shoots a bolt.
The blink frog completely misses you.
Smite: a death yak (moderately wounded)
You smite the death yak!
The blink frog blinks!
You block the blink frog's attack. You block the komodo dragon's attack.
The death yak gores you but does no damage.
The blink frog barely misses you.
Smite: a death yak (severely wounded)
You smite the death yak!
The blink frog hits you.
* * * LOW HITPOINT WARNING * * *
The komodo dragon bites you.
* * * LOW HITPOINT WARNING * * *
The death yak gores you!!
You die...

.......##.o#..#...P.P..#..#......
.......##..##......#........P....
P.....P#P....#....##.............
#..<..............#..............
#.......+...P.#..o##.........#...
#.....P####.###..##......P####...
.).....# ##.##.♣..###......#....
......#####...o÷.÷...............
..............♣l@Y♣#.............
.............#..FF.#.............
..............#...##....^........
.....######..#.#+.##.##..#.......
.....#.....###.....###.....#.....
##....#.#...#.#.......####..#....
#...........#....................
##......♣.....#.♣.......♣...#....
##..........#.#...#..............


You could see a death yak, a komodo dragon, 2 blink frogs and the friendly
Berold the orc knight.

Vanquished Creatures
  2 hydras
  A death yak (Lair:6)
  A hell knight (Volcano)
  An ugly thing (Volcano)
  An elephant (Lair:5)
  A black mamba (Lair:2)
  A molten gargoyle (Volcano)
  6 cane toads
  A smoke demon (Volcano)
  A rime drake (Lair:2)
  3 komodo dragons
  A red devil (Volcano)
  A troll (D:9)
  Prince Ribbit (D:5)
  A polar bear (Lair:5)
  3 blink frogs (Lair:2)
  20 yaks
  A basilisk (Lair:5)
  6 fire bats (Volcano)
  2 wyverns
  A steam dragon (Lair:5)
  5 water moccasins
  3 hell hounds (Volcano)
  4 orc warriors
  2 black bears (D:8)
  8 ice beasts
  3 sky beasts
  2 eyes of draining
  7 ogres
  A necrophage (D:11)
  6 wolves
  3 centaurs
  3 big kobolds
  11 bullfrogs
  A water moccasin zombie (Ossuary)
  A wyvern zombie (D:10)
  A scorpion (D:7)
  10 killer bees
  4 wights
  4 howler monkeys
  8 lava snakes (Volcano)
  2 jellies
  3 hounds
  A bullfrog skeleton (D:8)
  A bullfrog zombie (D:5)
  A gnoll shaman (D:7)
  3 orc priests
  6 orc wizards
  Jessica (D:3)
  2 centaur skeletons
  6 worker ants
  3 hell rats (Lair:3)
  4 big kobold zombies (Ossuary)
  2 hound skeletons
  2 mummies (Ossuary)
  Robin (D:4)
  A worker ant zombie (D:5)
  12 gnolls
  8 adders
  A shadow imp (D:5)
  A white imp (D:7)
  4 ufetubi
  3 oozes
  4 adder zombies
  2 dart slugs
  6 leopard geckos
  18 orcs
  11 bats
  6 giant cockroaches
  16 goblins
  5 hobgoblins
  2 jackals (D:9)
  4 quokkas
  A ball python skeleton (D:5)
  5 frilled lizards
  A giant cockroach zombie (D:5)
  4 hobgoblin zombies (Ossuary)
  15 kobolds
  6 kobold zombies (Ossuary)
  A leopard gecko skeleton (D:4)
  5 orc zombies (Ossuary)
  5 rats
328 creatures vanquished.

Vanquished Creatures (collateral kills)
  3 hydras
  4 death yaks
  Nergalle (D:11)
  An oklob plant (Lair:4)
  3 black mambas
  5 cane toads
  A torpor snail (Lair:2)
  4 komodo dragons
  A rime drake (Lair:5)
  A troll (D:11)
  2 polar bears
  3 blink frogs
  18 yaks
  A wyvern (Lair:4)
  3 basilisks
  4 water moccasins
  An orc warrior (D:11)
  3 phantoms
  An ice beast (D:9)
  3 wolves
  2 ogres (D:9)
  A big kobold (D:9)
  9 bullfrogs
  A wyvern skeleton (D:10)
  3 killer bees
  3 wights (D:9)
  A bullfrog zombie (D:11)
  A centaur zombie (D:9)
  An orc priest (D:11)
  A bullfrog skeleton (D:9)
  2 centaur skeletons
  A worker ant (D:11)
  3 hell rats (Lair:3)
  An iguana (D:10)
  A worker ant zombie (D:10)
  An adder (D:10)
  A gnoll (D:11)
  A white imp (D:9)
  An ufetubus (D:9)
  2 orcs
  2 jackals (D:9)
  10 kobolds
112 creatures vanquished.

Vanquished Creatures (others)
  2 orc high priests
  An orc warrior (D:10)
  An orc wizard (D:9)
  2 orc priests
  7 orcs
  A quokka (D:4)
  25 fungi
  34 plants
73 creatures vanquished.

Grand Total: 513 creatures vanquished

Notes
Turn   | Place    | Note
-------+----------+-------------------------------------------
     0 | D:1      | ThatOtherGuy53 the Hill Orc Monk began the quest for the
                  | Orb.
     0 | D:1      | Reached XP level 1. HP: 19/19 MP: 1/1
   208 | D:1      | Reached XP level 2. HP: 22/27 MP: 2/2
   719 | D:1      | Reached skill level 1 in Armour
  1182 | D:2      | Reached XP level 3. HP: 33/33 MP: 3/3
  1195 | D:2      | Reached skill level 5 in Axes
  1722 | D:2      | Reached XP level 4. HP: 38/40 MP: 4/4
  2132 | D:3      | Noticed Jessica
  2135 | D:3      | Killed Jessica
  2265 | D:3      | Noticed an ogre
  2449 | D:3      | Found a shimmering blue altar of Sif Muna.
  2787 | D:3      | HP: 1/41 [ogre/+0 giant club (20)]
  2788 | D:3      | Killed an ogre
  2789 | D:3      | Reached skill level 6 in Axes
  2789 | D:3      | Reached XP level 5. HP: 1/47 MP: 5/5
  3138 | D:3      | Noticed Grinder
  3209 | D:4      | Became a worshipper of Beogh the Brigand
  3209 | D:4      | Reached * piety under Beogh
  3209 | D:4      | Reached ** piety under Beogh
  3219 | D:4      | Noticed an ogre
  3237 | D:4      | Killed an ogre
  3238 | D:4      | Reached skill level 5 in Fighting
  3238 | D:4      | Reached XP level 6. HP: 44/56 MP: 3/6
  3406 | D:4      | Noticed Robin
  3412 | D:4      | Reached skill level 7 in Axes
  3434 | D:4      | Killed Robin
  4412 | D:5      | Entered Level 5 of the Dungeon
  4572 | D:5      | Reached XP level 7. HP: 53/61 MP: 7/7
  4995 | D:5      | Reached skill level 8 in Axes
  5641 | D:5      | Noticed Prince Ribbit
  5654 | D:5      | Killed Prince Ribbit
  6130 | D:5      | Reached skill level 9 in Axes
  6133 | D:5      | Reached XP level 8. HP: 65/71 MP: 8/8
  6868 | D:6      | Reached skill level 5 in Armour
  6994 | D:6      | Found a staircase to the Ecumenical Temple.
  6999 | Temple   | Entered the Ecumenical Temple
  7382 | D:6      | Reached skill level 10 in Axes
  7463 | D:6      | Reached skill level 1 in Invocations
  8396 | D:7      | Found a sparkling altar of Nemelex Xobeh.
  8427 | D:7      | Reached XP level 9. HP: 54/79 MP: 10/10
  8577 | D:7      | Reached skill level 11 in Axes
 10254 | D:8      | Reached skill level 12 in Axes
 10271 | D:8      | Found a staircase to the Lair.
 10281 | D:8      | Reached skill level 5 in Invocations
 10556 | D:8      | Reached XP level 10. HP: 78/90 MP: 13/13
 10768 | D:8      | Found a sand-covered staircase.
 10790 | Ossuary  | Entered an ossuary
 10867 | Ossuary  | Reached *** piety under Beogh
 11315 | D:8      | Found Bicwoobi's Antique Armour Shop.
 11321 | D:8      | Bought a pair of fading gloves for 304 gold pieces
 11331 | D:8      | Identified the +2 pair of gloves of Kifaq {rPois rF+ MR+++
                  | Stlth+} (You bought it in a shop on level 8 of the Dungeon)
 11780 | D:9      | Reached skill level 1 in Shields
 12487 | D:9      | Reached **** piety under Beogh
 12745 | D:9      | Found a staircase to the Orcish Mines.
 12748 | D:9      | Found Buyxo's Book Emporium.
 12817 | D:9      | Reached skill level 13 in Axes
 13213 | Orc:1    | Entered Level 1 of the Orcish Mines
 13213 | Orc:1    | Noticed an orc sorcerer
 13236 | D:10     | Entered Level 10 of the Dungeon
 13683 | D:10     | Identified a scroll of acquirement
 13683 | D:10     | Acquired 1106 gold pieces
 13711 | D:10     | Reached XP level 11. HP: 90/99 MP: 16/16
 13714 | D:10     | Reached skill level 5 in Shields
 13755 | D:10     | Reached ***** piety under Beogh
 14383 | D:11     | Gained Korbok as an ally
 14384 | D:11     | Reached skill level 10 in Fighting
 14391 | D:11     | Gained Oreg as an ally
 14666 | D:11     | Noticed Nergalle
 14676 | D:11     | Noticed a spectral orc warlord
 14679 | D:11     | Killed Nergalle
 14785 | D:11     | Noticed a four-headed hydra
 14795 | D:11     | Killed a three-headed hydra
 15517 | Lair:1   | Entered Level 1 of the Lair of Beasts
 15539 | Lair:1   | Found a dark tunnel.
 15547 | Volcano  | Entered a volcano
 16011 | Volcano  | Noticed a red ugly thing
 16023 | Volcano  | Killed a red ugly thing
 16181 | Volcano  | Found a bloodstained altar of Trog.
 16182 | Volcano  | Noticed a hell knight
 16186 | Volcano  | Killed a hell knight
 16764 | Lair:1   | Reached skill level 14 in Axes
 16764 | Lair:1   | Reached XP level 12. HP: 84/108 MP: 18/18
 16837 | Lair:1   | Noticed an eight-headed hydra
 16846 | Lair:1   | Killed an eight-headed hydra
 18030 | Lair:2   | Got a twisted dagger
 18147 | Lair:2   | Found a transporter.
 18155 | Lair:2   | Noticed Zoobame's ghost (journeyman DEWz)
 18162 | Lair:2   | Noticed a four-headed hydra
 18167 | Lair:2   | Killed a four-headed hydra
 18170 | Lair:2   | Found a transporter.
 18190 | Lair:2   | Gained Berold as an ally
 18537 | Lair:2   | Reached skill level 10 in Armour
 18655 | Lair:2   | Reached skill level 10 in Invocations
 19255 | Lair:3   | Found a staircase to the Snake Pit.
 19386 | Lair:3   | Noticed a six-headed hydra
 19396 | Lair:3   | Killed a six-headed hydra
 19396 | Lair:3   | Gained Brandogh as an ally
 19459 | Lair:3   | Reached skill level 10 in Shields
 19714 | Lair:3   | Found a staircase to the Shoals.
 19728 | Lair:3   | Got a steaming long sword
 19961 | Lair:4   | You fall into a shaft and drop 1 floor!
 20425 | Lair:4   | Found a blossoming altar of Fedhas.
 20630 | Lair:4   | Reached XP level 13. HP: 116/116 MP: 20/20
 21114 | Lair:5   | Reached ****** piety under Beogh
 21133 | Lair:5   | Reached skill level 15 in Axes
 21319 | Lair:5   | Got a twisted spear
 21331 | Lair:5   | Identified the +10 spear of Mashracocw {drain, Int+5} (You
                  | found it on level 5 of the Lair of Beasts)
 21429 | Lair:5   | Acquired a manual of Axes
 21954 | Lair:6   | Entered Level 6 of the Lair of Beasts
 21962 | Lair:6   | Your ally Oreg died
 21973 | Lair:5   | Your ally Brandogh died
 22335 | Lair:5   | Slain by a death yak

Illustrated notes

Levels and vault maps discovered:
D:1:      minmay_arrival_doors, layout_loops_ring
D:2:      layout_loops_corners, minivault_24, minmay_diced_spiral
D:3:      layout_basic, marbit_many_paths, uniq_crazy_yiuf_cottage,
          uniq_jessica, uniq_grinder
D:4:      layout_loops_ring, uniq_robin
D:5:      layout_basic, uniq_prince_ribbit1
D:6:      minmay_angry_zag, layout_rooms, minmay_temple_entry_crystal_x
D:7:      layout_gridville, nemelex_dance_club_becter
D:8:      layout_loops_cross, grunt_lair_entry_orc_guard_hut, serial_shops,
          nicolae_shop_trees, enter_ossuary_2
D:9:      layout_long_grid, orc_0_dummy, serial_shops, shop
D:10:     layout_roguey
D:11:     layout_irregular_city, uniq_nergalle
Temple:   regret_index_temple_sigil_plot
Lair:1:   layout_chaotic_city, lightli_volcano_entry_magma_tube,
          grunt_megastairs_3
Lair:2:   layout_regular_city, gammafunk_ghost_arena, grunt_megastairs_2,
          lemuel_fruit_fields
Lair:3:   layout_big_grid, shoals_dummy_entry, dummy_snake_entry
Lair:4:   layout_small_grid, lemuel_oklob_altar
Lair:5:   layout_regular_city, beast_lair_carwin_2, grunt_megastairs_1
Lair:6:   minmay_lair_end_frog_pond, layout_misc_corridors,
          minmay_slime_entry_pillars, special_room [special_room_mythical_zoo],
          serial_bayou_shore_b
Orc:1:    layout_caves, uniq_erolcha

Skill      XL: |  1  2  3  4  5  6  7  8  9 10 11 12 13 |
---------------+----------------------------------------+-----
Armour         | 1 2 3 4 5 7 8 9 10 | 10.8
Fighting       | 4 5 6 7 8 9 10 11 12 | 12.2
Axes           | 5 6 7 9 10 12 13 14 15 | 15.5
Invocations    | 2 5 7 8 10 11 | 11.1
Shields        | 4 7 10 | 10.7
Dodging        | |  2.4
Stealth        | |  1.5

Action                   |  1- 3 |  4- 6 |  7- 9 | 10-12 | 13-15 || total
-------------------------+-------+-------+-------+-------+-------++-------
Melee: Hand axe          |   104 |   209 |   476 |       |       ||   789
       War axe           |       |       |    67 |   782 |    35 ||   884
       Trident           |       |       |       |    24 |     2 ||    26
       Broad axe         |       |       |       |       |    61 ||    61
Throw: Dart              |       |       |     1 |       |       ||     1
Invok: Smiting           |       |     3 |     6 |     3 |     4 ||    16
       Convert to Beogh  |       |     1 |       |       |       ||     1
       Recall Orcish Fol |       |       |       |     4 |       ||     4
       Stop Recall       |       |       |       |     2 |       ||     2
       Give Item to Name |       |       |       |     1 |       ||     1
  Use: Scroll            |       |    10 |     5 |    16 |     5 ||    36
       Potion            |       |     1 |       |     2 |       ||     3
 Stab: Distracted        |       |       |       |    11 |     3 ||    14
Armor: Robe              |     4 |       |       |       |       ||     4
       Chain mail        |    54 |   122 |   304 |     4 |       ||   484
       Ring mail         |     6 |       |       |       |       ||     6
       Plate armour      |       |       |       |   423 |    40 ||   463
       Skin              |       |       |       |     1 |       ||     1
Dodge: Dodged            |    53 |    84 |   215 |   200 |    27 ||   579
Block: Kite shield       |       |       |       |   455 |    90 ||   545

Table legend: (Time is in decaauts)
 A = Elapsed time spent in this place.
 B = Non-inter-level travel time spent in this place.
 C = Inter-level travel time spent in this place.
 D = Time resting spent in this place.
 E = Time spent auto-exploring this place.
 F = Levels seen in this place.
 G = Mean time per level.
                   A        B        C        D        E       F      G
               +--------+--------+--------+--------+--------+-----+--------+
         Total |  22121 |  21284 |    837 |   6978 |  10105 |  21 | 1053.4 |
       Dungeon |  14903 |  14284 |    619 |   5058 |   6350 |  11 | 1354.8 |
        Temple |    284 |    251 |     33 |      0 |    250 |   1 |  284.0 |
          Lair |   5637 |   5452 |    185 |   1215 |   3492 |   6 |  939.5 |
  Orcish Mines |      1 |      1 |      0 |      0 |      0 |   1 |    1.0 |
       Ossuary |    194 |    194 |      0 |      0 |      0 |   1 |  194.0 |
       Volcano |   1100 |   1100 |      0 |    705 |     13 |   1 | 1100.0 |
               +--------+--------+--------+--------+--------+-----+--------+

Top non-repeatable levels by time:
     D:5: 2051 daAuts
     D:7: 1867 daAuts
     D:9: 1800 daAuts
  Lair:2: 1538 daAuts
  Lair:5: 1473 daAuts
     D:4: 1392 daAuts
     D:8: 1328 daAuts
     D:3: 1287 daAuts
     D:6: 1179 daAuts
 Volcano: 1100 daAuts
    D:11: 1097 daAuts
     D:1: 1087 daAuts
     D:2: 1020 daAuts
  Lair:1: 996 daAuts
  Lair:4: 947 daAuts
